 Dungeon Crawl Stone Soup version 0.22-a0-358-g7563fe7 (webtiles) character file.

1883 Serpenta the Chopper (level 8, 0/60 HPs)
             Began as a Mummy Chaos Knight on Apr 18, 2018.
             Shot with an arrow by a centaur (3 damage)
             ... on level 7 of the Dungeon.
             The game lasted 00:17:53 (7477 turns).

Serpenta the Chopper (Mummy Chaos Knight)           Turns: 7477, Time: 00:17:54

Health: 0/60       AC: 14    Str: 17    XL:     8   Next: 92%
Magic:  12/12      EV:  5    Int: 11    God:    Xom [......]
Gold:   489        SH:  0    Dex: 12    Spells: 6/7 levels left

rFire    x . .     SeeInvis .   a - +0 hand axe (chaos)
rCold    + . .     Gourm    .   (no shield)
rNeg     + + +     Faith    .   j - +0 plate armour
rPois    ∞         Spirit   .   (no helmet)
rElec    .         Reflect  .   (no cloak)
rCorr    .         Harm     .   i - +0 pair of gloves
MR       +....                  n - +0 pair of boots
Stlth    ..........             (no amulet)
HPRegen  0.20/turn              (no ring)
MPRegen  0.13/turn              (no ring)

@: very slightly contaminated
A: no food or potions, fire vulnerability, cold resistance 1, negative energy
resistance 3, torment resistance, unbreathing
a: Renounce Religion


You were on level 7 of the Dungeon.
You worshipped Xom.
You were a very special plaything of Xom.
You were not hungry.

You visited 1 branch of the dungeon, and saw 7 of its levels.

You collected 489 gold pieces.


Innate Abilities, Weirdness & Mutations

You do not eat or drink.
Your flesh is vulnerable to fire.
You are immune to poison.
Your flesh is cold resistant. (rC+)
You are immune to negative energy. (rN+++)
You are immune to unholy pain and torment.
You can survive without breathing.


   Skills:
 - Level 3.9 Fighting
 - Level 6.0 Axes
 + Level 4.7 Armour
 - Level 0.7 Dodging
   Level 6.0 Evocations


You had 6 spell levels left.
You knew the following spells:

 Your Spells              Type           Power        Failure   Level  Hunger
a - Apportation           Tloc           #.....       100%        1    N/A

Action                   |  1- 3 |  4- 6 |  7- 9 || total
-------------------------+-------+-------+-------++-------
Melee: Hand axe          |   108 |   218 |    43 ||   369
       Short sword       |    89 |       |       ||    89
       War axe           |       |       |   140 ||   140
Evoke: Wand              |       |       |    10 ||    10
  Use: Scroll            |     4 |     2 |     7 ||    13
 Stab: Petrifying        |     1 |       |       ||     1
       Sleeping          |     1 |     1 |       ||     2
       Paralysed         |       |     3 |       ||     3
       Confused          |       |       |     2 ||     2
Armor: Leather armour    |    97 |    68 |     5 ||   170
       Plate armour      |       |    69 |   163 ||   232
Dodge: Dodged            |   137 |   144 |    69 ||   350

Inventory:

Hand Weapons
 a - a +0 hand axe of chaos (weapon)
 k - a +0 war axe
Missiles
 f - 2 tomahawks of returning (quivered)
Armour
 b - the +2 ring mail of the Learner {rElec rCorr Dex-4}
   (You found it on level 5 of the Dungeon)

   It affects your dexterity (-4).
   It insulates you from electricity.
   It protects you from acid and corrosion.
 i - a +0 pair of gloves (worn)
 j - a +0 plate armour (worn)
 n - a +0 pair of boots (worn)
 o - a +2 leather armour of cold resistance
Jewellery
 g - an uncursed ring of teleportation
Scrolls
 c - 2 scrolls of remove curse
 d - a scroll of teleportation
 h - 2 scrolls of enchant weapon
 m - 7 scrolls of identify

..#.#.............#
.............#(##†#
.............#.##.########
............##.)......#.....
...........W...............
.........h#c..............
.......h###...............
....S...W.................
..#.#####@................
##.#####.................
#....W...................
#...####....<............
.....................##.....
#.............##.##########.
#.##...#.........# #. #..
##..####..F.h## #. ... ..##
#.....# #.


You could see a hungry ghost, a wolf, a bullfrog (wandering), a centaur, an
adder and a jackal (wandering).

Vanquished Creatures
  Pikel (D:5)
  Edmund (D:4)
  An orc warrior (D:7)
  A necrophage (D:7)
  An ice beast (D:5)
  A slave (D:4)
  Blork the orc (D:5)
  A gnoll sergeant (D:6)
  A scorpion (D:7)
  2 quasits (D:4)
  5 hounds
  2 orc priests (D:3)
  2 bullfrog skeletons (D:5)
  2 orc wizards
  2 worker ants (D:4)
  A hound skeleton (D:5)
  8 gnolls
  9 adders
  A shadow imp (D:4)
  4 oozes
  An adder skeleton (D:4)
  A worm (D:2)
  2 dart slugs (D:1)
  6 leopard geckos
  14 orcs
  12 bats
  6 giant cockroaches
  5 goblins
  4 hobgoblins
  11 jackals
  A quokka (D:5)
  A ball python (D:4)
  2 frilled lizards
  A jackal skeleton (D:4)
  7 kobolds
  A leopard gecko skeleton (D:4)
  A leopard gecko zombie (D:5)
  A quokka zombie (D:4)
  14 rats
  A fungus (D:4)
139 creatures vanquished.

Vanquished Creatures (collateral kills)
  An orc wizard (D:3)
  An adder (D:3)
  A leopard gecko (D:3)
  2 orcs (D:3)
  2 bats (D:3)
  A goblin (D:3)
  A hobgoblin (D:3)
  A kobold (D:3)
10 creatures vanquished.

Vanquished Creatures (others)
  A phantom (D:4)
  A hound (D:6)
  A howler monkey skeleton (D:5)
  2 jackals (D:5)
  A quokka (D:5)
6 creatures vanquished.

Grand Total: 155 creatures vanquished

Vault maps used:
D:1:      evilmike_arrival_grusome_pit
D:2:      nicolae_ru_great_annihilating_truth, first_ration,
          minmay_rat_gold_closets
D:3:      lemuel_crystal_altar, yredelemnul_altar_generic,
          chequers_ecumenical_altar_twisty
D:4:      old_standard_altar, tgw_sif, uniq_edmund, uniq_eustachio,
          uniq_crazy_yiuf_cottage
D:5:      nicolae_overflow_crystal_walls, kennysheep_okawaru_gauntlet,
          uniq_pikel, uniq_blork_the_orc
D:6:      grunt_temple_overflow_gold_and_silver, lemuel_crystal_altar,
          chequers_temple_overflow_statue_of_worship,
          minmay_temple_entry_purple_smoke, cheibrodos_sewer_entry_sluice,
          trog_wizard, uniq_menkaure, uniq_grinder


Message History

You feel strangely unstable.
Your surroundings suddenly seem different.
Xom roars with laughter!
Okay, then.
You see here an adder corpse.
A centaur comes into view.
The centaur shouts!
The centaur wields a shortbow.
The centaur shoots an arrow.
The arrow hits you!
* * * LOW HITPOINT WARNING * * *
You see here an arrow.
Found a scroll of identify.
The hungry ghost hits you.
Xom's power touches on a nearby monster.
The ogre evaporates and reforms as a wolf!
An adder comes into view.
The centaur shoots an arrow.
The arrow hits you.
* * * LOW HITPOINT WARNING * * *
The centaur shoots an arrow.
The arrow hits you.
You die...
Xom giggles madly!

Notes
Turn   | Place    | Note
-------+----------+-------------------------------------------
     0 | D:1      | Serpenta the Mummy Chaos Knight began the quest for the Orb.
     0 | D:1      | Reached XP level 1. HP: 18/18 MP: 1/1
   152 | D:1      | XOM: butterfly on damage
   256 | D:1      | Reached XP level 2. HP: 23/24 MP: 2/2
   301 | D:1      | XOM: silly message
   326 | D:1      | XOM: divination: magic mapping
   408 | D:1      | XOM: divination: detect creatures
   746 | D:1      | XOM: medium Fire miscast
  1014 | D:1      | XOM: silly message
  1033 | D:1      | Reached XP level 3. HP: 12/29 MP: 3/3
  1739 | D:2      | XOM: god gift: book of the Warp {god gift}
  1934 | D:2      | XOM: god gift: 9 arrows {god gift}
  1967 | D:2      | XOM: smoke on damage
  1976 | D:2      | Reached XP level 4. HP: 18/35 MP: 4/4
  2074 | D:2      | XOM: 3-stop teleportation journey
  2338 | D:2      | XOM: 3-stop teleportation journey
  2395 | D:2      | XOM: scenery: create altars
  2663 | D:2      | Found a sacrificial altar of Ru.
  2677 | D:2      | Reached XP level 5. HP: 38/41 MP: 5/5
  2884 | D:2      | XOM: cloud trail
  2949 | D:3      | Found a blossoming altar of Fedhas.
  3003 | D:3      | Reached skill level 5 in Axes
  3046 | D:3      | XOM: summons friendly smoke demon
  3292 | D:3      | XOM: stat loss: -1 Dex (11/12)
  3442 | D:3      | Found a faded altar of an unknown god.
  3483 | D:3      | XOM: mild Hex miscast
  3625 | D:3      | Reached XP level 6. HP: 47/47 MP: 6/6
  3634 | D:3      | Learned a level 1 spell: Apportation
  3643 | D:3      | XOM: butterfly on damage
  3716 | D:3      | XOM: divination: magic mapping
  3746 | D:3      | XOM: scenery: create altars
  3793 | D:3      | XOM: scenery: create altars
  3833 | D:3      | Found a basalt altar of Yredelemnul.
  3905 | D:4      | Found a burning altar of Makhleb.
  3911 | D:4      | Noticed Eustachio
  4395 | D:4      | XOM: god gift: wand of acid (10) {god gift}
  4413 | D:4      | XOM: scenery: create altars
  4469 | D:4      | XOM: divination: magic mapping
  4645 | D:4      | Reached skill level 1 in Evocations
  4922 | D:4      | Reached XP level 7. HP: 27/53 MP: 6/8
  5095 | D:4      | XOM: mild Summ miscast
  5098 | D:4      | Noticed Edmund
  5101 | D:4      | XOM: confusion (+ monsters)
  5127 | D:4      | Killed Edmund
  5177 | D:4      | XOM: medium Fire miscast
  5500 | D:4      | Found a runed door.
  5535 | D:5      | Entered Level 5 of the Dungeon
  5748 | D:5      | XOM: mild Tloc miscast
  5763 | D:5      | Noticed Pikel
  5910 | D:5      | Noticed Blork the orc
  5934 | D:5      | Killed Blork the orc
  5983 | D:5      | Got a spiked ring mail
  5994 | D:5      | Identified the +2 ring mail of the Learner {rElec rCorr Dex-4} (You found it on level 5 of the Dungeon)
  6011 | D:5      | Found a shadowy altar of Dithmenos.
  6041 | D:5      | Killed Pikel
  6041 | D:5      | Reached XP level 8. HP: 60/60 MP: 10/12
  6234 | D:5      | XOM: noise
  6287 | D:5      | XOM: repel stairs
  6585 | D:5      | Found an iron altar of Okawaru.
  6650 | D:6      | Found a staircase to the Ecumenical Temple.
  6650 | D:6      | Noticed Galewind's ghost (novice DEFE)
  6727 | D:6      | this game has all the best... cursed rings
  6779 | D:6      | Noticed Grinder
  6787 | D:6      | Found a hide-covered altar of Uskayaw.
  6792 | D:6      | XOM: potion effect (brilliance)
  6860 | D:7      | XOM: scenery: create altars
  7304 | D:7      | Noticed Galewind's ghost (novice DEFE)
  7385 | D:6      | XOM: 3-stop teleportation journey
  7386 | D:6      | Noticed Menkaure
  7387 | D:6      | XOM: divine lightning
  7400 | D:6      | XOM: butterfly on damage
  7422 | D:6      | XOM: chaos upgrade
  7423 | D:6      | HP: 3/60 [ogre/giant spiked club of chaos (3)]
  7424 | D:6      | XOM: confusion (+ monsters)
  7473 | D:7      | XOM: polymorph ogre -> wolf
  7477 | D:7      | HP: 3/60 [centaur/arrow (4)]
  7477 | D:7      | Shot with an arrow by a centaur
